 Dungeon Crawl Stone Soup version 0.32-a0-40-g2adb59ae06 (webtiles) character file.

Game seed: 17169685491707673162

7293 pokeman the Eclecticist (level 10, -7/59 HPs)
             Began as a Deep Elf Hedge Wizard on Jan 24, 2024.
             Was a Priest of Vehumet.
             Mangled by a troll (11 damage)
             ... on level 10 of the Dungeon.
             The game lasted 00:26:19 (11137 turns).

pokeman the Eclecticist (Deep Elf Hedge Wizard)    Turns: 11137, Time: 00:26:19

Health: -7/59      AC: 10    Str:  7    XL:     10   Next: 89%
Magic:  2/31       EV: 12    Int: 24    God:    Vehumet [***...]
Gold:   522        SH:  5    Dex: 12    Spells: 28/40 levels left

rFire   . . .        N - +2 flail (venom)
rCold   + . .        (no shield)
rNeg    + . .        B - +0 leather armour of Neqechac {+Inv rC+ rCorr Dex-2}
rPois   .            h - +0 helmet
rElec   .            (no cloak)
rCorr   +            (no gloves)
SInv    .            t - +1 pair of boots
Will    +....        p - amulet of reflection
Stlth   ++           v - +4 ring of protection
HPRegen 0.29/turn    b - ring of positive energy
MPRegen 0.22/turn

%: reflection
@: studying Shields
A: no striking features
a: Renounce Religion, Evoke Invisibility


You were on level 10 of the Dungeon.
You worshipped Vehumet.
Vehumet was most pleased with you.
You visited 2 branches of the dungeon, and saw 11 of its levels.
You also visited: Ossuary.

You collected 522 gold pieces.

Inventory:

Hand Weapons
 N - a +2 flail of venom (weapon)
Missiles
 P - a curare-tipped dart
Armour
 h - a +0 helmet (worn)
 t - a +1 pair of boots (worn)
 B - the +0 leather armour of Neqechac (worn) {+Inv rC+ rCorr Dex-2}
   (You found it on level 5 of the Dungeon)

   Dex-2:     It affects your dexterity (-2).
   rC+:       It protects you from cold.
   +Inv:      It lets you turn invisible.
   rCorr:     It protects you from acid and corrosion.
Jewellery
 b - a ring of positive energy (right hand)
 k - an amulet of faith
 p - an amulet of reflection (around neck)
 v - a +4 ring of protection (left hand)
 z - a ring of ice
 L - a ring of resist corrosion
Wands
 o - a wand of roots (8)
 w - a wand of charming (10)
 J - a wand of polymorph (5)
 M - a wand of light (6)
Scrolls
 a - 2 scrolls of teleportation {unknown}
 f - 3 scrolls of brand weapon {unknown}
 i - 3 scrolls of vulnerability {unknown}
 j - 3 scrolls of butterflies {unknown}
 l - 3 scrolls of acquirement {unknown}
 m - 9 scrolls of identify {unknown}
 r - 4 scrolls of enchant weapon {unknown}
 s - 3 scrolls of blinking {unknown}
 x - 3 scrolls of fear {unknown}
 y - 3 scrolls of fog {unknown}
 A - 2 scrolls of amnesia {unknown}
 C - 2 scrolls of revelation {unknown}
 E - 3 scrolls of poison
 F - 2 scrolls of immolation {unknown}
 I - a scroll of silence {unknown}
 K - a scroll of enchant armour {unknown}
Potions
 c - 4 potions of brilliance {unknown}
 d - 2 potions of magic
 e - 5 potions of attraction {unknown}
 g - 6 potions of heal wounds {unknown}
 n - 2 potions of cancellation {unknown}
 q - 4 potions of curing {unknown}
 u - 3 potions of lignification {unknown}
 D - 3 potions of mutation
 G - 4 potions of might {unknown}
 H - a potion of haste {unknown}
 O - a potion of berserk rage {unknown}
 Q - a potion of enlightenment {unknown}


   Skills:
 - Level 5.0 Fighting
 + Level 4.1 Armour
 - Level 3.1 Dodging
 - Level 3.2 Stealth
 * Level 15.5 Spellcasting
 + Level 9.1 Conjurations
 - Level 1.1 Summonings
 - Level 1.1 Translocations
 - Level 1.0 Air Magic
 - Level 1.0 Alchemy
 - Level 1.0 Evocations


You had 28 spell levels left.
You knew the following spells:

 Your Spells              Type           Power      Damage    Failure   Level
a - Magic Dart            Conj           100%       1d8       1%          1
b - Mephitic Cloud        Conj/Alch/Air  36%        N/A       1%          3
c - Call Imp              Summ           46%        N/A       4%          2
d - Blink                 Tloc           46%        N/A       4%          2
e - Iskenderun's Mystic   Conj/Tloc      43%        2d10      1%          4

Your spell library contained the following spells:

 Spells                   Type           Power      Damage    Failure   Level
 Frozen Ramparts          Ice            36%        1d6       3%          3
 Kiss of Death            Conj/Necr      100%       2d13      1%          1
 Fulminant Prism          Conj/Alch      21%        3d12      1%          4
 Volatile Blastmotes      Fire/Tloc      42%        2d13      3%          3
 Slow                     Hex            72%        N/A       4%          1
 Cigotuvi's Dreadful Rot  Necr/Alch/Air  44%        N/A       4%          2
 Ensorcelled Hibernation  Hex/Ice        36%        N/A       7%          2
 Swiftness                Air            23%        N/A       9%          3
 Confusing Touch          Hex            18%        N/A       13%         3
 Passwall                 Erth           18%        N/A       13%         3
 Dispel Undead            Necr           18%        3d11      41%         4


Dungeon Overview and Level Annotations

Branches:
Dungeon (10/15)            Temple (1/1) D:5            Lair (0/5) D:8
Ossuary (visited)
    Orc: D:9-12

Altars:
Ashenzari
Cheibriados
Dithmenos
Elyvilon
Fedhas
Gozag
Hepliaklqana
Kikubaaqudgha
Makhleb
Nemelex Xobeh
Okawaru
Qazlal
Ru
Sif Muna
Trog
Vehumet
Wu Jian
Xom
Yredelemnul
Zin
The Shining One

Shops:
D:4 *   D:5 *   D:8 *

Portals:
Abyss: D:3

Annotations:
D:3 2 transporters, RockinRobin's ghost, amateur MfSh
D:8 3 runed translucent doors, knightboat's ghost, novice DsMo


Message History

Unknown command.
Casting: Mephitic Cloud (safe; 1% risk of failure)
Confirm with . or Enter, or press ? or * to list all spells.
You erupt in a blast of force!
The mystic blast hits the yak.
The yak is moderately wounded.
The mystic blast hits the troll!
The troll is heavily wounded.
The troll is knocked back by the mystic blast.
The mystic blast hits something!
You hear a bellow!
The yak is engulfed in noxious fumes.
The yak gores the yak!
The yak is engulfed in noxious fumes.
The yak appears confused.
The yak gores the yak but does no damage.
The yak gores itself!
Unknown command.
Casting: Iskenderun's Mystic Blast (dangerous; 1% risk of failure)
Confirm with . or Enter, or press ? or * to list all spells.
You don't have enough magic to cast this spell.
Unknown command.
Unknown command.
The shadow strikes at you from the darkness!
Reactivating autopickup.
Your magical contamination has completely faded away.
You hit the shadow.
The shadow is almost destroyed.
The troll seems less confused.
The shadow barely misses you.
You hit the shadow.
You destroy the shadow!
Vehumet accepts your kill. The troll misses you. The troll closely misses you.
The troll claws you.
Unknown command.
You sock the troll!
The troll looks even sicker.
You punch the troll, but do no damage.
The troll is severely wounded.
The troll bites you!
* * * LOW HITPOINT WARNING * * *
The troll claws you but does no damage. The troll claws you!
* * * LOW HITPOINT WARNING * * *
The troll bites you!
You die...

.Y. ....###.####
#Y# ..### #.# #Y#
# . #.# # ##Y#.#
.#####
####.##☼)..# .....
......))#######>.#
####.#.....#.....#
#......T#.(##.#
#.#.###@#...#.#
...#.###....#..#
###...........<.#
........#.#.##
##..#####...## #..
##.## # #.# #..
###


You could see a troll (very poisoned).

Vanquished Creatures
  Joseph (D:7)
  2 kobold demonologists (D:9)
  2 hornets
  A wyvern (D:8)
  8 yaks
  A shadow (D:10)
  2 basilisks (D:8)
  Edmund (D:4)
  4 water moccasins
  A sky beast (D:8)
  3 orc warriors
  Pargi (D:3)
  2 ice beasts
  2 black bears
  3 ogres
  A centaur (D:9)
  A phantom (D:5)
  5 kobold brigands
  3 bullfrogs
  3 scorpions
  A burial acolyte (Ossuary)
  10 wights
  6 killer bees (D:9)
  4 howler monkeys
  A bombardier beetle (D:6)
  A human zombie (Ossuary)
  2 hounds (D:7)
  4 orc priests
  A gnoll bouda (D:7)
  2 jellies
  An iguana (D:6)
  Terence (D:3)
  3 orc wizards
  4 mummies (Ossuary)
  12 adders
  5 gnolls (D:7)
  A shadow imp (D:5)
  A white imp (D:5)
  2 ufetubi (D:6)
  2 dart slugs
  2 ribbon worms (D:5)
  20 orcs
  4 endoplasms
  A giant cockroach (D:2)
  2 gnoll zombies (Ossuary)
  A goblin (D:4)
  9 hobgoblins
  4 jackals (D:5)
  2 quokkas
  2 ball pythons (D:1)
  3 bats
  2 frilled lizards (D:1)
  24 kobolds
  A kobold zombie (Ossuary)
  2 orc zombies (Ossuary)
  2 rats
192 creatures vanquished.

Vanquished Creatures (collateral kills)
  A weeping skull (Ossuary)
  A sleepcap (D:5)
  An iguana (D:5)
  An adder (D:5)
  A gnoll zombie (Ossuary)
  A kobold zombie (Ossuary)
6 creatures vanquished.

Grand Total: 198 creatures vanquished

Notes
Turn   | Place    | Note
-------+----------+-------------------------------------------
     0 | D:1      | pokeman the Deep Elf Hedge Wizard began the quest for the
                  | Orb.
     0 | D:1      | Reached XP level 1. HP: 10/10 MP: 7/7
   496 | D:1      | Reached XP level 2. HP: 15/15 MP: 6/9
  1456 | D:2      | Identified the +2 chain mail "Saehitt" {rPois rN+ Will++
                  | Int-3}
  1517 | D:2      | Reached skill level 5 in Spellcasting
  1573 | D:2      | Reached XP level 3. HP: 16/20 MP: 4/11
  1579 | D:2      | Learned a level 3 spell: Mephitic Cloud
  1582 | D:2      | Learned a level 2 spell: Call Imp
  1585 | D:2      | Learned a level 2 spell: Blink
  1901 | D:2      | Reached skill level 1 in Armour
  2035 | D:2      | Found a faded altar of an unknown god.
  2151 | D:2      | Reached skill level 1 in Fighting
  2379 | D:3      | Found a shimmering altar of Xom.
  2511 | D:3      | Found a transporter.
  2511 | D:3      | Noticed a kobold brigand
  2511 | D:3      | Noticed a small abomination
  2513 | D:3      | Found a transporter.
  2516 | D:3      | Found a one-way gate to the infinite horrors of the Abyss.
  2518 | D:3      | Noticed a small abomination
  2518 | D:3      | Noticed RockinRobin's ghost (amateur MfSh)
  2524 | D:3      | Reached XP level 4. HP: 25/25 MP: 6/13
  2807 | D:3      | Noticed a kobold brigand
  2822 | D:3      | Killed a kobold brigand
  2823 | D:3      | Reached skill level 6 in Spellcasting
  2823 | D:3      | Reached XP level 5. HP: 9/29 MP: 1/15
  3062 | D:3      | Noticed Pargi
  3079 | D:3      | Killed Pargi
  3080 | D:3      | Reached XP level 6. HP: 31/34 MP: 10/17
  3374 | D:3      | Noticed Terence
  3386 | D:3      | Killed Terence
  3387 | D:3      | Reached skill level 1 in Air Magic
  3387 | D:3      | Reached skill level 1 in Alchemy
  3387 | D:3      | Reached skill level 1 in Evocations
  3661 | D:4      | Noticed Edmund
  3681 | D:4      | Killed Edmund
  3682 | D:4      | Reached skill level 7 in Spellcasting
  4103 | D:4      | Found Fueniat's Fire Supplies.
  4143 | D:4      | Reached XP level 7. HP: 39/39 MP: 16/20
  4698 | D:5      | Entered Level 5 of the Dungeon
  4715 | D:5      | Identified the +0 leather armour of Neqechac {+Inv rC+
                  | rCorr Dex-2}
  4721 | D:5      | Found a staircase to the Ecumenical Temple.
  4736 | D:5      | Reached skill level 8 in Spellcasting
  4746 | Temple   | Entered the Ecumenical Temple
  4771 | Temple   | Became a worshipper of Vehumet
  4973 | D:5      | Found a sand-covered staircase.
  5050 | Ossuary  | Entered an ossuary
  5078 | Ossuary  | Reached skill level 9 in Spellcasting
  5265 | Ossuary  | Reached XP level 8. HP: 44/44 MP: 13/23
  5661 | D:5      | Reached * piety under Vehumet
  5661 | D:5      | Offered knowledge of Shock by Vehumet.
  5662 | D:5      | Reached skill level 5 in Conjurations
  5736 | D:5      | Found Zin's Purification Station.
  5736 | D:5      | Found a glowing silver altar of Zin.
  5954 | D:5      | Found a bloodstained altar of Trog.
  6095 | D:6      | Found an ornate altar of the Wu Jian Council.
  6127 | D:6      | Reached skill level 10 in Spellcasting
  7016 | D:6      | Reached skill level 11 in Spellcasting
  7363 | D:7      | Reached XP level 9. HP: 48/49 MP: 22/26
  7689 | D:7      | Found an ancient bone altar of Kikubaaqudgha.
  7709 | D:7      | Reached skill level 12 in Spellcasting
  7929 | D:7      | Noticed Joseph
  7960 | D:7      | Killed Joseph
  8203 | D:7      | Offered knowledge of Sting by Vehumet.
  8268 | D:7      | Reached ** piety under Vehumet
  8922 | D:8      | Reached skill level 13 in Spellcasting
  9176 | D:8      | Found a glowing golden altar of the Shining One.
  9224 | D:8      | Found a sacrificial altar of Ru.
  9261 | D:8      | Reached XP level 10. HP: 36/58 MP: 29/29
  9342 | D:8      | Found an iron altar of Okawaru.
  9408 | D:8      | Found a staircase to the Lair.
  9463 | D:8      | Reached skill level 14 in Spellcasting
  9863 | D:8      | Found Puoduolo's Gadget Gallery.
  9884 | D:8      | Noticed knightboat's ghost (novice DsMo)
  9885 | D:8      | Found a runed translucent gate.
  9885 | D:8      | Found a runed translucent gate.
  9885 | D:8      | Found a runed translucent gate.
  9925 | D:8      | Reached skill level 5 in Fighting
 10503 | D:9      | Found a burning altar of Makhleb.
 10532 | D:9      | Offered knowledge of Frozen Ramparts by Vehumet.
 10610 | D:9      | Noticed a smoke demon
 10611 | D:9      | Noticed an orange demon
 10680 | D:9      | Reached *** piety under Vehumet
 10861 | D:9      | Reached skill level 15 in Spellcasting
 10908 | D:10     | Entered Level 10 of the Dungeon
 10978 | D:9      | Learned a level 4 spell: Iskenderun's Mystic Blast
 11137 | D:10     | Mangled by a troll

Illustrated notes

Levels and vault maps discovered:
D:1:      amcnicky_arrival_double_pillar, layout_loops_corners
D:2:      layout_basic, shapermc_ecumenical_altar_petra, minmay_unequal
D:3:      cheibrodos_thug_alley, layout_basic, mainiacjoe_overflow_brackets,
          gammafunk_ghost_abyssal_escape, nrook_campfire,
          grunt_decor_mini_mirrors, minmay_tree_intersection, uniq_terence,
          uniq_pargi
D:4:      layout_layer_cave, nicolae_shop_fire_sale [nicolae_sub_dead_trees],
          uniq_edmund
D:5:      layout_rooms, trog_book, zin_purify, temple_green,
          nicolae_ossuary_entry_plus, serial_bayou_lagoon_b
D:6:      layout_loops_corners, old_standard_altar, minivault_22
D:7:      layout_loops_cross, mainiacjoe_overflow_24_doors, uniq_joseph
D:8:      layout_basic, amcnicky_altar_gilded, okawaru_ov_weapons_minmay,
          nicolae_ru_awakened_eye, minmay_lair_entry_grove,
          gammafunk_ghost_nasty_kobolds, nicolae_shop_gadgets
D:9:      layout_rooms, lemuel_round_altar, minivault_24
D:10:     cheibrodos_grave_circle, layout_loops_ring,
          eat_drink_and_be_merry_uskayaw, minmay_orc_keep
Temple:   nicolae_temple_godzebo

Skill      XL: |  1  2  3  4  5  6  7  8  9 10 |
---------------+-------------------------------+-----
Spellcasting   | 5 6 7 9 11 13 15 | 15.5
Armour         | 1 2 3 4 |  4.1
Fighting       | 1 2 4 5 |  5.0
Conjurations   | 2 3 4 6 7 9 |  9.1
Dodging        | 3 |  3.1
Stealth        | 3 |  3.2
Air Magic      | 1 |  1.0
Alchemy        | 1 |  1.0
Evocations     | 1 |  1.0
Summonings     | |  1.1
Translocations | |  1.1

Action                     |  1- 3 |  4- 6 |  7- 9 | 10-12 || total
---------------------------+-------+-------+-------+-------++-------
  Melee: Dagger            |     2 |    61 |   147 |       ||   210
         Punch             |       |     2 |     2 |     1 ||     5
         Flail             |       |       |    25 |    96 ||   121
   Cast: Magic Dart        |   100 |    53 |   293 |    32 ||   478
         Mephitic Cloud    |       |     6 |    28 |    28 ||    62
         Call Imp          |       |     1 |     7 |     1 ||     9
         Blink             |       |       |     3 |     1 ||     4
         Iskenderun's Myst |       |       |       |     5 ||     5
  Evoke: Wand              |       |       |       |     1 ||     1
   Stab: Confused          |       |     7 |    15 |     7 ||    29
         Sleeping          |       |     1 |     2 |       ||     3
         Distracted        |       |       |     1 |       ||     1
 Armour: Robe              |    11 |    18 |    56 |       ||    85
         Leather armour    |       |       |    72 |    67 ||   139
  Dodge: Dodged            |    19 |    30 |   120 |    80 ||   249
  Block: Other             |     7 |    15 |    59 |    18 ||    99
         Reflection        |       |     2 |     3 |     1 ||     6

Table legend: (Time is in decaauts)
 A = Elapsed time spent in this place.
 B = Non-inter-level travel time spent in this place.
 C = Inter-level travel time spent in this place.
 D = Time resting spent in this place.
 E = Time spent auto-exploring this place.
 F = Levels seen in this place.
 G = Mean time per level.
                   A        B        C        D        E       F      G
               +--------+--------+--------+--------+--------+-----+--------+
         Total |  11211 |  10912 |    299 |    486 |   8563 |  12 |  934.2 |
       Dungeon |  10602 |  10327 |    275 |    486 |   8127 |  10 | 1060.2 |
        Temple |     50 |     26 |     24 |      0 |      0 |   1 |   50.0 |
       Ossuary |    557 |    557 |      0 |      0 |    436 |   1 |  557.0 |
               +--------+--------+--------+--------+--------+-----+--------+

Top non-repeatable levels by time:
     D:7: 1552 daAuts
     D:8: 1413 daAuts
     D:6: 1327 daAuts
     D:3: 1226 daAuts
     D:4: 1181 daAuts
     D:1: 1177 daAuts
     D:2: 1151 daAuts
     D:9: 810 daAuts
     D:5: 649 daAuts
 Ossuary: 557 daAuts
    D:10: 114 daAuts
  Temple: 50 daAuts
